 Dungeon Crawl Stone Soup version 0.16-a0-3115-g4870798 (webtiles) character file.

10261 PolkaDot the Summoner (level 11, -13/77 HPs)
             Began as a Vampire Summoner on Dec 13, 2014.
             Was a High Priest of Sif Muna.
             Killed from afar by a lindwurm (36 damage)
             ... with a blast of flame
             ... on level 13 of the Dungeon on Dec 14, 2014.
             The game lasted 01:19:17 (14454 turns).

PolkaDot the Summoner (Vampire Summoner)           Turns: 14454, Time: 01:19:17

Health: -13/77     AC: 13    Str:  7    XL:     11   Next: 33%
Magic:  1/35       EV: 15    Int: 20    God:    Sif Muna [*****.]
Gold:   1064       SH:  0    Dex: 14    Spells: 4 memorised, 5 levels left

rFire  . . .     SeeInvis +     r - staff of power
rCold  + . .     Clarity  .     E - +0 steam dragon armour
rNeg   + + .     SustAb   .     (no shield)
rPois  +         Gourm    .     K - +2 helmet {SInv}
rElec  .         Spirit   .     m - +2 cloak
rCorr  .         Warding  .     (no gloves)
rMut   .         Stasis   .     A - +0 pair of boots
MR     +....                    c - amulet of regeneration
Stlth  +++.......               u - ring of invisibility
                                s - ring of stealth

@: about to teleport, very slightly contaminated, regenerating slowly, somewhat
resistant to hostile enchantments, fairly stealthy
A: bottle blood, fangs 3, molten scales 1, see invisible, unbreathing
a: Bat Form, Channel Energy, Forget Spell, Renounce Religion, Evoke Invisibility


You were on level 13 of the Dungeon.
You worshipped Sif Muna.
Sif Muna was extremely pleased with you.
You were thirsty.

You visited 2 branches of the dungeon, and saw 14 of its levels.
You also visited: Bailey.

You collected 1064 gold pieces.

Inventory:

Missiles
 G - a throwing net (quivered)
Armour
 m - a +2 cloak (worn)
 A - a +0 pair of boots (worn)
 E - a +0 steam dragon armour (worn)
 K - a +2 helmet of see invisible (worn)
Magical staves
 r - an uncursed staff of power (weapon)
Jewellery
 c - an amulet of regeneration (around neck)
 o - an uncursed ring of flight
 s - a ring of stealth (left hand)
 u - a ring of invisibility (right hand)
Magical devices
 g - a wand of frost (20)
 l - a wand of enslavement (16)
 p - a wand of draining (12)
 w - a wand of magic darts (7)
 y - a wand of digging (6)
 z - a wand of digging (15)
 B - a wand of slowing (22)
 L - a wand of enslavement (7)
 M - a wand of digging (15)
 P - a wand of magic darts (19)
 Q - a wand of confusion (19)
 R - a wand of draining (6)
Scrolls
 d - 3 scrolls of remove curse
 f - a scroll of magic mapping
 h - a scroll of amnesia
 j - 8 scrolls of enchant weapon
 n - 2 scrolls of immolation
 q - 4 scrolls of fog
 t - a scroll of silence {unknown}
Potions
 a - 2 potions of restore abilities
 e - 3 potions of haste
 i - a potion of flight
 k - a potion of brilliance
 C - a potion of berserk rage {unknown}
 D - a potion of experience {unknown}
 F - 2 potions of invisibility {unknown}
 H - a potion of might
 I - a potion of resistance {unknown}
 O - a potion of mutation {unknown}
Books
 b - a book of Callings

   Spells                             Type                      Level
   a - Summon Small Mammal            Summoning                    1
   b - Call Imp                       Summoning                    2
   c - Call Canine Familiar           Summoning                    3
   d - Summon Guardian Golem          Hexes/Summoning              4
   e - Summon Lightning Spire         Summoning/Air                4
   f - Summon Ice Beast               Ice/Summoning                4
 N - a book of the Sky

   Spells                             Type                      Level
   a - Flight                         Charms/Air                   3
   b - Airstrike                      Air                          4
   c - Silence                        Hexes/Air                    5
   d - Deflect Missiles               Charms/Air                   6
   e - Conjure Ball Lightning         Conjuration/Air              6
   f - Tornado                        Air                          9


   Skills:
 - Level 4.0 Fighting
 - Level 6.6 Staves
 - Level 6.3 Dodging
 - Level 3.0 Stealth
 * Level 4.6 Spellcasting
 - Level 8.0 Hexes
 + Level 11.0 Summonings
 - Level 5.7 Ice Magic
 - Level 0.6 Invocations
 - Level 3.2 Evocations


You had 5 spell levels left.
You knew the following spells:

 Your Spells              Type           Power        Failure   Level  Hunger
d - Call Canine Familiar  Summ           #####...     1%          3    ##.....
i - Summon Ice Beast      Ice/Summ       #####...     4%          4    ####...
s - Call Imp              Summ           #####...     1%          2    #......
v - Summon Mana Viper     Hex/Summ       #####...     10%         5    ######.


Dungeon Overview and Level Annotations

Branches:
Dungeon (13/15)            Temple (1/1) D:4            Lair (0/8) D:8
    Orc (0/4) D:12
 Vaults: D:13-14

Altars:
Ashenzari
Dithmenos
Elyvilon
Fedhas
Gozag
Kikubaaqudgha
Makhleb
Nemelex Xobeh
Okawaru
Qazlal
Ru
Sif Muna
Trog
Vehumet
Xom
Yredelemnul
Zin
The Shining One

Shops:
D:4 ?   D:10 (*   D:12 ?

Portals:
Trove: D:11 (show abyssal rune of Zot)

Annotations:
D:7 exclusion: ice statue
D:10 Urug


Innate Abilities, Weirdness & Mutations

You heal slowly.
You can bottle blood from corpses.
You have razor-sharp teeth.
You have supernaturally acute eyesight.
You can survive without breathing.
You are partially covered in molten scales (AC +1).


Message History

As you read the scroll of teleportation, it crumbles to dust.
You feel strangely unstable. The lindwurm bites you!
* * * LOW HITPOINT WARNING * * *
The lindwurm misses you. The lindwurm closely misses you.
The lindwurm closely misses you.
The lindwurm claws you but does no damage. x2
The lindwurm breathes flames at your ice beast.
The blast of flame hits your ice beast.
Your ice beast melts!
Your ice beast dies!
Read which item? (? for menu, Esc to quit)
Okay, then.
Drink which item? (? for menu, Esc to quit)
Okay, then.
Read which item? (? for menu, Esc to quit)
As you read the scroll of summoning, it crumbles to dust.
Wisps of shadow whirl around you... The lindwurm breathes flames at you.
The blast of flame hits you!
You die...

#...(...≈≈§≈§≈≈§......
#..)).≈≈§§≈§≈≈§≈≈≈.....
#.())≈≈§≈§≈§≈§≈≈≈§≈....
#.((≈§≈§§≈≈§≈≈≈§≈≈≈≈...
#(..≈§≈≈§≈.§.§≈≈≈≈≈≈....
#((≈≈≈§§.$.##..§§≈≈≈≈...
#(.≈≈≈§≈..####..≈≈≈§≈...
#..≈§≈≈..#ak).#§.§§≈≈...
#.≈≈≈≈§.##@kk!##.≈≈≈≈≈.
#.≈≈≈≈≈.##a}[?# .§≈≈≈≈. .
#..≈≈≈≈..#YT[.# .≈≈§§.. #
#..≈≈≈≈§..####..≈§§≈§... #
#..≈§§≈≈§..##.§.≈≈§≈≈...###
#...≈≈§§§≈....§§≈≈≈≈§.....#
#...§≈≈≈≈≈≈≈§≈≈≈≈§§§.......
##...≈≈≈≈≈≈§≈≈≈≈§≈§.§......
#.§§§≈≈≈≈≈≈≈≈≈§§§.........


You could see 3 lindwurms, a friendly troll, a friendly ice beast and 2 friendly
worker ants.

Vanquished Creatures
  A centaur skeleton (D:13)
  Prince Ribbit (D:6)
  A hungry ghost (D:7)
  2 ogres
  A big kobold (D:6)
  3 centaurs
  5 giant frogs
  A scorpion (D:12)
  3 crimson imps
  3 giant frog skeletons
  3 orc priests
  3 jellies
  Crazy Yiuf (D:2)
  2 iguanas
  2 worker ants
  3 orc wizards
  A hound (D:4)
  A killer bee zombie (D:5)
  3 hound skeletons
  2 gnolls (D:11)
  11 adders
  A worm (D:2)
  9 giant geckos
  19 orcs
  A ball python (D:1)
  10 bats
  A bat zombie (D:8)
  10 goblins
  14 hobgoblins
  7 jackals
  6 quokkas
  5 giant cockroaches
  A giant gecko zombie (D:5)
  2 giant newts
  28 kobolds
  14 rats
  8 ballistomycetes
189 creatures vanquished.

Vanquished Creatures (collateral kills)
  Josephine (D:13)
  Fannar (D:11)
  A hill giant (D:13)
  4 orc knights (Bailey)
  3 ugly things
  4 centaur zombies (D:13)
  A gargoyle (D:11)
  A centaur skeleton (D:13)
  A kobold demonologist (D:11)
  A komodo dragon (D:8)
  A trapdoor spider (D:12)
  4 trolls
  A two-headed ogre (D:8)
  A basilisk (D:12)
  2 deep elf magi (D:11)
  A wyvern (D:8)
  7 yaks
  A steam dragon (D:8)
  2 hungry ghosts (D:12)
  3 vampire mosquitoes (D:13)
  A mottled dragon (D:11)
  Edmund (D:6)
  A hippogriff (D:11)
  A soldier ant (D:13)
  10 orc warriors
  5 sky beasts
  A black bear (D:7)
  6 ogres
  2 phantoms
  A necrophage (D:12)
  9 centaurs
  Sigmund (D:6)
  A big kobold (D:13)
  3 crocodiles (D:12)
  2 giant frogs
  A gnoll sergeant (D:11)
  A wyvern zombie (D:11)
  A scorpion (D:8)
  6 electric eels
  4 crimson imps
  An iron imp (D:11)
  2 orc priests
  A giant frog skeleton (D:13)
  A hound (D:7)
  A jelly (D:11)
  5 orc wizards
  A quasit (D:10)
  6 worker ants
  An iguana (D:12)
  A giant frog simulacrum (D:13)
  A hound skeleton (D:4)
  A worker ant zombie (D:8)
  5 adders
  7 gnolls
  2 ufetubi
  A giant gecko (D:1)
  60 orcs
  2 goblins
  A hobgoblin (D:8)
  A jackal (D:1)
  6 kobolds
  A bat (D:8)
  A giant gecko zombie (D:8)
  A giant newt (D:12)
  A giant spore (D:6)
  3 rats
  3 ballistomycetes
  A bush (D:10)
  2 plants
219 creatures vanquished.

Vanquished Creatures (others)
  A cyclops (D:11)
  8 mana vipers
  2 yaks (D:11)
  8 wolves
  49 ice beasts
  7 crimson imps
  29 hounds
  An iron imp (Bailey)
  4 white imps
  2 shadow imps
  A giant cockroach (D:7)
  6 giant spores
  A rat (D:1)
  4 plants
123 creatures vanquished.

Grand Total: 531 creatures vanquished

Notes
Turn   | Place    | Note
--------------------------------------------------------------
     0 | D:1      | PolkaDot, the Vampire Summoner, began the quest for the Orb.
     0 | D:1      | Reached XP level 1. HP: 13/13 MP: 3/3
   104 | D:1      | Reached skill level 1 in Fighting
   190 | D:1      | Found a shattered altar of Ashenzari.
   337 | D:1      | Reached XP level 2. HP: 18/21 MP: 4/4
   342 | D:1      | Learned a level 2 spell: Call Imp
  1175 | D:1      | HP: 1/22 [poisoned by a goblin]
  1559 | D:2      | Reached XP level 3. HP: 6/28 MP: 6/6
  1587 | D:2      | HP: 1/28 [kobold/stone (2)]
  1883 | D:2      | Reached XP level 4. HP: 35/35 MP: 7/7
  2053 | D:2      | Noticed Crazy Yiuf
  2066 | D:2      | Killed Crazy Yiuf
  2241 | D:2      | Reached XP level 5. HP: 40/42 MP: 9/9
  2315 | D:2      | Reached skill level 1 in Staves
  2426 | D:2      | Found a bloodstained altar of Trog.
  2702 | D:3      | Learned a level 3 spell: Call Canine Familiar
  3129 | D:4      | Found a staircase to the Ecumenical Temple.
  3149 | Temple   | Entered the Ecumenical Temple
  3633 | D:4      | Found Ythiot's Magic Scroll Boutique.
  3646 | D:4      | Reached XP level 6. HP: 21/48 MP: 10/10
  3820 | D:5      | Entered Level 5 of the Dungeon
  3836 | D:5      | Found an iron altar of Okawaru.
  4821 | D:5      | Reached XP level 7. HP: 40/54 MP: 7/12
  4871 | D:5      | Found a deep blue altar of Sif Muna.
  4876 | D:5      | Became a worshipper of Sif Muna the Loreminder
  4882 | D:5      | Learned a level 4 spell: Summon Ice Beast
  4976 | D:6      | Noticed Sigmund
  4990 | D:6      | Killed Sigmund
  5058 | D:6      | Got a warped dagger
  5059 | D:6      | Identified the +0 dagger "Rutad" {venom, rC+} (You found it on level 6 of the Dungeon)
  5095 | D:6      | Noticed Edmund
  5147 | D:6      | Reached skill level 1 in Ice Magic
  5203 | D:6      | Killed Edmund
  5342 | D:6      | Found an opulent altar of Gozag.
  5662 | D:6      | Noticed Prince Ribbit
  5669 | D:6      | Reached skill level 5 in Summonings
  5897 | D:6      | Killed Prince Ribbit
  5897 | D:6      | Acquired Sif Muna's first power
  5897 | D:6      | Reached XP level 8. HP: 55/60 MP: 13/13
  6561 | D:7      | Reached skill level 5 in Staves
  6704 | D:7      | Noticed an ice statue
  7037 | D:7      | Reached skill level 6 in Summonings
  7150 | D:8      | Found a staircase to the Lair.
  7151 | D:8      | Noticed a komodo dragon
  7187 | D:8      | Killed a komodo dragon
  7187 | D:8      | Reached skill level 5 in Ice Magic
  7267 | D:8      | Noticed a two-headed ogre
  7279 | D:8      | Killed a two-headed ogre
  7279 | D:8      | Acquired Sif Muna's second power
  7295 | D:8      | Found a bloodstained altar of Trog.
  7421 | D:8      | Reached XP level 9. HP: 33/65 MP: 2/14
  7595 | D:8      | HP: 3/65 [electric eel/bolt of electricity (15)]
  7713 | D:8      | Gained mutation: You are partially covered in molten scales (AC +1). [potion of beneficial mutation]
  7713 | D:8      | HP: 2/65 [electric eel/bolt of electricity (9)]
  7862 | D:8      | Found a sacrificial altar of Ru.
  8057 | D:8      | Reached skill level 7 in Summonings
  8548 | D:9      | Found an ancient bone altar of Kikubaaqudgha.
  8575 | D:9      | Found a burning altar of Makhleb.
  8980 | D:9      | Found a sparkling altar of Nemelex Xobeh.
  9349 | D:9      | Found a glowing golden altar of the Shining One.
  9575 | D:10     | Entered Level 10 of the Dungeon
  9610 | D:10     | Noticed Urug
  9646 | D:10     | Found a staircase to the Orcish Mines.
 10185 | D:10     | Reached skill level 8 in Summonings
 10312 | D:10     | Found a shadowy altar of Dithmenos.
 10354 | D:10     | Found Waidduk's Assorted Antiques.
 10665 | D:10     | Found Khur's Weapon Boutique.
 10760 | D:11     | Learned a level 5 spell: Summon Mana Viper
 10820 | D:11     | Found a flagged portal.
 10828 | Bailey   | Entered a bailey
 11092 | Bailey   | Noticed an orc knight
 11092 | Bailey   | Noticed an orc knight
 11114 | Bailey   | Killed an orc knight
 11114 | Bailey   | Reached skill level 5 in Hexes
 11114 | Bailey   | Reached XP level 10. HP: 55/71 MP: 3/19
 11119 | Bailey   | Noticed an orc knight
 11122 | Bailey   | Killed an orc knight
 11141 | Bailey   | Killed an orc knight
 11168 | Bailey   | Noticed an orc knight
 11177 | Bailey   | Killed an orc knight
 11177 | Bailey   | Acquired Sif Muna's third power
 11224 | Bailey   | Identified a scroll of acquirement
 11239 | D:11     | Noticed a kobold demonologist
 11249 | D:11     | Killed a kobold demonologist
 11533 | D:11     | Noticed a cyan ugly thing
 11558 | D:11     | Found a portal to a secret trove of treasure.
 11596 | D:11     | Noticed a red ugly thing
 11616 | D:11     | Killed a red ugly thing
 11620 | D:11     | Killed a cyan ugly thing
 11620 | D:11     | Reached skill level 5 in Dodging
 11719 | D:11     | Noticed a gargoyle
 11741 | D:11     | Killed a gargoyle
 11741 | D:11     | Reached skill level 9 in Summonings
 11895 | D:11     | Noticed Fannar
 11914 | D:11     | Killed Fannar
 12607 | D:12     | Noticed a brown ugly thing
 12614 | D:12     | Killed a brown ugly thing
 12706 | D:12     | Reached skill level 1 in Evocations
 12712 | D:12     | Found Qasumed's Magic Scroll Shoppe.
 12986 | D:12     | Found a staircase to the Orcish Mines.
 13130 | D:12     | Reached skill level 10 in Summonings
 13968 | D:13     | Reached XP level 11. HP: 77/77 MP: 9/20
 14154 | D:13     | Noticed a hill giant
 14165 | D:13     | Killed a hill giant
 14261 | D:13     | Noticed Josephine
 14289 | D:13     | Killed Josephine
 14384 | D:13     | Reached skill level 11 in Summonings
 14416 | D:13     | Noticed a lindwurm
 14420 | D:13     | Noticed a lindwurm
 14429 | D:13     | Noticed a lindwurm
 14429 | D:13     | Noticed a lindwurm
 14454 | D:13     | Killed from afar by a lindwurm

Action                   |  1- 3 |  4- 6 |  7- 9 | 10-12 || total
-------------------------+-------+-------+-------+-------++-------
Melee: Spear             |    43 |       |       |       ||    43
       Unarmed           |    11 |       |       |       ||    11
       Dagger            |    50 |    25 |       |       ||    75
       Short sword       |    20 |       |       |       ||    20
       Quarterstaff      |       |    86 |       |       ||    86
       Staff             |       |   379 |   684 |   337 ||  1400
 Cast: Summon Small Mamm |     5 |       |       |       ||     5
       Call Canine Famil |       |     9 |    51 |    24 ||    84
       Call Imp          |       |    16 |    33 |     4 ||    53
       Summon Ice Beast  |       |       |    92 |    62 ||   154
       Summon Mana Viper |       |       |     1 |    50 ||    51
Invok: Channel Energy    |       |       |   105 |   227 ||   332
 Abil: End Transformatio |       |       |       |     1 ||     1
       Bat Form          |       |       |       |     1 ||     1
       Evoke Invisibilit |       |       |       |     1 ||     1
Evoke: Wand              |       |     1 |    14 |       ||    15
  Use: Potion            |     2 |    22 |    73 |     4 ||   101
       Scroll            |     4 |     5 |    13 |     9 ||    31
 Stab: Sleeping          |     3 |    14 |     8 |     4 ||    29
       Distracted        |     2 |     5 |     6 |     1 ||    14
       Paralysed         |       |     3 |    13 |       ||    16
  Eat: Corpse            |    11 |     1 |    21 |    32 ||    65
